cohdb
Replays
Latest Replays
All Replays
Popular Replays
Top Player Replays
Match Explorer
How It Works
Community
CoH3 Stats
Reddit
Sign in to upload your games and track your stats! →
Sign in with Steam
Match 44894303
Unlisted
Match 44894303
Overview
Messages
Build Orders
End
Construct Barracks
Riflemen Squad
M1 Mortar Team
Riflemen Squad
Infantry Support Center
Selects Advanced Infantry Battlegroup
Selects Convert to Ranger Squad
Engineer Squad
Construct Motor Pool
Convert to Ranger Squad
Selects Frontline Medical Station
Mortar Pit
Frontline Medical Station
Convert to Ranger Squad
Advanced Logistics
Survival Training
Selects Infantry Assault
Infantry Assault
M8 Greyhound Armored Car
Construct Tank Depot
Selects Ammunition Storage
Selects M2A1 105mm Howitzer Emplacement
Selects 155mm Rapid Artillery Barrage
M4A1 Sherman Medium Tank
155mm Rapid Artillery Barrage
Riflemen Squad
Frontline Medical Station
155mm Rapid Artillery Barrage
Convert to Ranger Squad
CDI
P.K
Ripper2021
Dr. Drederick
SaggyTurnips
jimmy245165
lePRoso ! mZa
Weedz
0
0
Comments
sign in to comment!
No comments posted yet!